[Event "Titled Tuesday Blitz August 17 2021"]
[White "Diakonova, Ekaterina"]
[Black "Perez Rodriguez, Luis Manuel"]
[WhiteFideId "24172936"]
[BlackFideId "3503364"]
[WhiteElo "2102"]
[BlackElo "2429"]
[Result "1/2-1/2"]
[Round "07"]
[TimeControl "180+1"]
[Date "2021.08.18"]
[WhiteClock "0:00:04"]
[BlackClock "0:00:03"]

1. Nf3 d5 2. g3 g6 3. Bg2 Bg7 4. d4 Nf6 5. b3 O-O 6. Bb2 a5 7. O-O a4 8. a3 Ne4 9. Nc3 axb3 10. cxb3 c5 11. e3 Nc6 12. Nxe4 dxe4 13. Ne5 cxd4 14. Nxc6 bxc6 15. Bxd4 Bxd4 16. Qxd4 Qxd4 17. exd4 f5 18. f3 Rd8 19. fxe4 Rxd4 20. exf5 Bxf5 21. Bxc6 Rad8 22. a4 R8d6 23. Bg2 Rb4 24. a5 Rd7 25. a6 Ra7 26. Bd5+ Kg7 27. Bc4 Bc2 28. Rf7+ Kh6 29. Ra3 Bf5 30. Kg2 Rb6 31. Ra2 Bc8 32. Re2 Bxa6 33. Rexe7 Rxe7 34. Rxe7 Bxc4 35. bxc4 Rb2+ 36. Kh3 Rc2 37. Rc7 Kg5 38. Rc5+ Kf6 39. Kg4 h5+ 40. Kh3 Kg7 41. Rc7+ Kh6 42. Rc5 Kg7 43. Rc7+ Kh6 44. Rc5 Kg7 1/2-1/2


[Site "https://www.chess.com"]

[Event "Titled Tuesday Blitz August 17 2021"]
[White "Divya Deshmukh"]
[Black "Novikova, Galina"]
[WhiteFideId "35006916"]
[BlackFideId "4157095"]
[WhiteElo "2239"]
[BlackElo "1907"]
[Result "1-0"]
[Round "07"]
[TimeControl "180+1"]
[Date "2021.08.18"]
[WhiteClock "0:00:09"]
[BlackClock "0:00:04"]

1. Nf3 d5 2. g3 Bf5 3. Bg2 Nf6 4. O-O e6 5. d3 Be7 6. Nbd2 O-O 7. Re1 h6 8. b3 c5 9. Bb2 Nc6 10. e4 Bg6 11. Qe2 Re8 12. a3 Rc8 13. Rad1 Nd4 14. Nxd4 cxd4 15. e5 Nd7 16. Nf3 a5 17. Nxd4 Qb6 18. a4 Bc5 19. Nb5 Bb4 20. Rf1 Nb8 21. c4 Qc5 22. Bd4 Qe7 23. cxd5 exd5 24. Bxd5 Nc6 25. Bb2 Nxe5 26. Qxe5 Qxe5 27. Bxe5 Rxe5 28. Bxb7 Rc2 29. d4 Ree2 30. Bf3 Red2 31. Rxd2 Rxd2 32. Rd1 Rb2 33. d5 Rxb3 34. Kg2 Bc2 35. Rc1 Bf5 36. Nd4 Rd3 37. Nxf5 g6 38. Rc8+ Kh7 39. Ne3 Ra3 40. Bd1 Ra1 41. Bc2 Rc1 42. Rc6 Ra1 43. d6 Kg7 44. d7 Be7 45. Nd5 Bg5 46. h4 Bd8 47. Rc8 Rc1 48. Rxd8 Rxc2 49. Rg8+ Kxg8 50. d8=Q+ Kg7 51. Qf6+ Kh7 52. Qxf7+ Kh8 53. Qf8+ Kh7 54. Nf6# 1-0


[Site "https://www.chess.com"]

[Event "Titled Tuesday Blitz August 17 2021"]
[White "Djordjevic, Vuk"]
[Black "Matthiesen, Martin"]
[WhiteFideId "902098"]
[BlackFideId "1404067"]
[WhiteElo "2463"]
[BlackElo "2337"]
[Result "1-0"]
[Round "07"]
[TimeControl "180+1"]
[Date "2021.08.17"]
[WhiteClock "0:00:05"]
[BlackClock "0:00:06"]

1. d4 Nf6 2. Bg5 d5 3. Bxf6 exf6 4. e3 Bd6 5. c4 dxc4 6. Bxc4 O-O 7. Nc3 Nd7 8. Nf3 Nb6 9. Bd3 c5 10. Ne4 cxd4 11. Nxd6 Qxd6 12. Nxd4 Bd7 13. O-O Rfd8 14. Rc1 Rac8 15. Qh5 g6 16. Qf3 Rxc1 17. Rxc1 Rc8 18. Rd1 Rc7 19. Bxg6 hxg6 20. Nb5 Qe5 21. Nxc7 Qxc7 22. Qxf6 Qc2 23. Qd4 Be6 24. h3 Bxa2 25. Ra1 Qc4 26. Qd2 Qe6 27. Qa5 Bd5 28. Rd1 Bc6 29. Qxa7 Qe4 30. Qb8+ Kh7 31. Qg3 Nc4 32. b3 Ne5 33. Rd4 Qf5 34. b4 b5 35. Kh2 Qe6 36. Qh4+ Kg7 37. Qd8 Nc4 38. Rh4 g5 39. Qh8+ Kg6 40. Rh6+ 1-0


[Site "https://www.chess.com"]

[Event "Titled Tuesday Blitz August 17 2021"]
[White "Drygalov, Sergey"]
[Black "Koellner, Ruben Gideon"]
[WhiteFideId "24171743"]
[BlackFideId "12993093"]
[WhiteElo "2514"]
[BlackElo "2539"]
[Result "1-0"]
[Round "07"]
[TimeControl "180+1"]
[Date "2021.08.17"]
[WhiteClock "0:00:52"]
[BlackClock "0:00:01"]

1. d4 d6 2. Nf3 Nf6 3. c4 g6 4. Nc3 Bf5 5. g3 Ne4 6. Nd5 c6 7. Ne3 Bc8 8. Bg2 Bg7 9. O-O O-O 10. Qc2 d5 11. b3 f5 12. Bb2 e6 13. Ne5 Nd7 14. Nd3 h6 15. Rfd1 Kh7 16. f3 Nef6 17. Nf1 Qe7 18. a4 Re8 19. Nd2 Nh5 20. e3 Qf7 21. Rf1 Qe7 22. Rae1 Qd8 23. e4 Nf8 24. Ne5 Nf6 25. Kh1 N6d7 26. exd5 Nxe5 27. dxe5 cxd5 28. f4 dxc4 29. Nxc4 Qe7 30. Ba3 Qc7 31. Bd6 Qf7 32. Bb4 Qc7 33. Rc1 Bd7 34. Nd6 Qxc2 35. Rxc2 Red8 36. Nxb7 Rdb8 37. Bd6 Rc8 38. Rfc1 Rxc2 39. Rxc2 Rc8 40. Rxc8 Bxc8 41. b4 Nd7 42. a5 Bf8 43. b5 Kg7 44. b6 axb6 45. a6 Bxb7 46. Bxb7 Nc5 47. Bxc5 Bxc5 48. a7 1-0


[Site "https://www.chess.com"]

[Event "Titled Tuesday Blitz August 17 2021"]
[White "Durarbayli, Vasif"]
[Black "Manukyan, Sargis A."]
[WhiteFideId "13402935"]
[BlackFideId "13303970"]
[WhiteElo "2522"]
[BlackElo "2187"]
[Result "1-0"]
[Round "07"]
[TimeControl "180+1"]
[Date "2021.08.17"]
[WhiteClock "0:00:10"]
[BlackClock "0:00:07"]

1. e4 e6 2. d4 d5 3. e5 c5 4. c3 Nc6 5. Nf3 Nh6 6. Bxh6 gxh6 7. Bd3 Bg7 8. O-O Bd7 9. Na3 cxd4 10. cxd4 f6 11. exf6 Qxf6 12. Nc2 O-O 13. Qd2 Be8 14. Rae1 Bg6 15. Ne5 Nxe5 16. Rxe5 Qf4 17. Re3 Rac8 18. Qe2 Bxd3 19. Rxd3 Rc6 20. Rfd1 Rfc8 21. Ne1 Rc4 22. Qxe6+ Kh8 23. Qxd5 Rc1 24. Qxb7 Re8 25. Kf1 Bxd4 26. Qf3 Qe5 27. Rxc1 Bb6 28. g3 Ba5 29. Kg2 Bxe1 30. Re3 Qxb2 31. Rcxe1 Rg8 32. Re7 Qg7 33. Qf7 Qg6 34. Qxg6 hxg6 35. Rd7 Rf8 36. Ree7 Rc8 37. Rh7+ Kg8 38. Rhg7+ Kf8 39. Rdf7+ Ke8 40. Rxa7 Ra8 41. Rg8# 1-0


[Site "https://www.chess.com"]

[Event "Titled Tuesday Blitz August 17 2021"]
[White "Esipenko, Andrey"]
[Black "Kezin, Roman"]
[WhiteFideId "24175439"]
[BlackFideId "24124621"]
[WhiteElo "2595"]
[BlackElo "2570"]
[Result "1-0"]
[Round "07"]
[TimeControl "180+1"]
[Date "2021.08.17"]
[WhiteClock "0:00:40"]
[BlackClock "0:00:01"]

1. e4 c5 2. Nf3 e6 3. d4 cxd4 4. Nxd4 Nc6 5. Nb3 Nf6 6. Bd3 d5 7. exd5 Nxd5 8. O-O Ndb4 9. Be4 Qxd1 10. Rxd1 f5 11. Bxc6+ Nxc6 12. Nc3 Bd7 13. Nb5 O-O-O 14. Be3 b6 15. a4 e5 16. f4 exf4 17. Bxf4 Be7 18. a5 Nxa5 19. Nxa7+ Kb7 20. Nxa5+ bxa5 21. Rxa5 g5 22. Be5 Rhe8 23. c3 g4 24. Rda1 Bg5 25. Kf2 Ra8 26. Bd4 Bd8 27. Ra6 Bb5 28. Rd6 Re2+ 29. Kg1 Rxb2 30. c4 Bxc4 31. Bxb2 Bb6+ 32. Rxb6+ Kxb6 33. Bd4+ Kc7 34. Rc1 Kd6 35. Rxc4 Kd5 36. Ra4 Rb8 37. Ra5+ Ke4 38. Re5+ Kd3 39. Nc6 Rc8 40. Re3+ Kd2 41. Re6 f4 42. Kf2 Kd3 43. Be5 1-0


[Site "https://www.chess.com"]

[Event "Titled Tuesday Blitz August 17 2021"]
[White "Espinosa Veloz, Ermes"]
[Black "Hambleton, Aman"]
[WhiteFideId "3507424"]
[BlackFideId "2606577"]
[WhiteElo "2333"]
[BlackElo "2552"]
[Result "1-0"]
[Round "07"]
[TimeControl "180+1"]
[Date "2021.08.17"]
[WhiteClock "0:00:10"]
[BlackClock "0:00:01"]

1. e4 b6 2. d4 Bb7 3. Nc3 e6 4. Nf3 Bb4 5. Bd3 Nf6 6. Qe2 d5 7. e5 Ne4 8. Bd2 Bxc3 9. bxc3 Nc6 10. O-O h6 11. Bxe4 dxe4 12. Qxe4 Na5 13. Qg4 Qd5 14. Qh4 Nc4 15. Bf4 Kd7 16. Qg3 g5 17. Be3 Rag8 18. Nd2 Nxd2 19. Bxd2 h5 20. f3 g4 21. Kh1 gxf3 22. Qxf3 Qxf3 23. gxf3 Rg6 24. h4 Rg3 25. Kh2 Rgg8 26. Bg5 Bd5 27. a3 a5 28. Rae1 Ra8 29. f4 Rhe8 30. f5 Kc6 31. Rf4 Kb5 32. fxe6 fxe6 33. Rf7 Rac8 34. Rh7 Rh8 35. Rxh8 Rxh8 36. Rf1 Kc4 37. Rf7 Rc8 38. Bd2 Be4 39. Rf6 Kd5 40. c4+ Kxd4 41. Rxe6 Bxc2 42. Re7 Kxc4 43. Bg5 Kd5 44. Bf6 c5 45. Rd7+ Kc4 46. e6 Bf5 47. Rd6 b5 48. e7 Re8 49. Kg3 b4 50. axb4 cxb4 51. Kf4 Bh7 52. Kg5 a4 53. Rd8 Bg6 54. Kxg6 Rxd8 1-0


[Site "https://www.chess.com"]

[Event "Titled Tuesday Blitz August 17 2021"]
[White "Estrada Nieto, Julian"]
[Black "Leitao, Rafael"]
[WhiteFideId "5101018"]
[BlackFideId "2101246"]
[WhiteElo "2270"]
[BlackElo "2609"]
[Result "0-1"]
[Round "07"]
[TimeControl "180+1"]
[Date "2021.08.17"]
[WhiteClock "0:00:08"]
[BlackClock "0:00:22"]

1. e4 c5 2. Nf3 d6 3. Bb5+ Nc6 4. O-O Bd7 5. Re1 Nf6 6. c3 a6 7. Bf1 Bg4 8. d4 cxd4 9. cxd4 e5 10. d5 Nd4 11. Be3 Nxf3+ 12. gxf3 Bd7 13. Nd2 Be7 14. Qb3 b5 15. a4 bxa4 16. Rxa4 Bxa4 17. Qxa4+ Qd7 18. Qa5 O-O 19. Nc4 Bd8 20. Qa3 Bc7 21. Bb6 Rfd8 22. Rc1 Ne8 23. b4 Rdc8 24. Bxc7 Qxc7 25. Ra1 Qd8 26. Na5 Qg5+ 27. Kh1 Rc2 28. Qe3 Qh4 29. Kg1 Nf6 30. Nc6 Rf8 31. Ne7+ Kh8 32. Nf5 Qh5 33. Bxa6 Qg6+ 34. Kh1 Nxd5 35. Rg1 Nxe3 36. Rxg6 Nxf5 37. exf5 hxg6 0-1


[Site "https://www.chess.com"]

[Event "Titled Tuesday Blitz August 17 2021"]
[White "Ezat, Mohamed"]
[Black "Karttunen, Mika"]
[WhiteFideId "10600906"]
[BlackFideId "502081"]
[WhiteElo "2414"]
[BlackElo "2343"]
[Result "1/2-1/2"]
[Round "07"]
[TimeControl "180+1"]
[Date "2021.08.17"]
[WhiteClock "0:01:12"]
[BlackClock "0:00:08"]

1. d4 Nf6 2. c4 g6 3. Nc3 Bg7 4. e4 d6 5. Be2 O-O 6. Bg5 c5 7. d5 b5 8. cxb5 a6 9. a4 Qa5 10. Bd2 Qb4 11. Qc2 axb5 12. Bxb5 Ba6 13. f3 Nfd7 14. Nge2 Bxb5 15. Nxb5 Qxb2 16. Qxb2 Bxb2 17. Ra2 Bf6 18. O-O Na6 19. Rb1 Rfb8 20. Kf1 Nb6 21. Na3 Nxa4 22. Rxb8+ Nxb8 23. Nc4 Nb6 24. Rxa8 Nxa8 25. Ba5 Na6 26. f4 N8c7 27. e5 Bg7 28. Nc3 Ne8 29. Ne4 Bf8 30. Ke2 f5 31. Ng5 Nac7 32. Ne3 h6 33. Nf3 Bg7 34. Kd3 Kf7 35. Kc4 Kg8 36. h4 Kf7 37. h5 Bh8 38. hxg6+ Kxg6 39. Nh4+ Kf7 40. Nhxf5 dxe5 41. fxe5 Bxe5 42. Nxh6+ Kg6 43. Nhf5 Bd6 44. Nxd6 exd6 45. g4 Kg5 46. Nf5 Kxg4 47. Bxc7 Nxc7 48. Nxd6 Kf4 49. Kxc5 Nxd5 1/2-1/2


[Site "https://www.chess.com"]

[Event "Titled Tuesday Blitz August 17 2021"]
[White "Fernandez, Michael"]
[Black "Ismayil, Malak"]
[WhiteFideId "5803560"]
[BlackFideId "13412604"]
[WhiteElo "2110"]
[BlackElo "1879"]
[Result "1/2-1/2"]
[Round "07"]
[TimeControl "180+1"]
[Date "2021.08.18"]
[WhiteClock "0:00:12"]
[BlackClock "0:00:06"]

1. b4 e5 2. Bb2 d6 3. e3 Nf6 4. d4 e4 5. c4 Bg4 6. Be2 Bxe2 7. Nxe2 d5 8. b5 dxc4 9. Nd2 Bb4 10. Nc3 Nd5 11. Qc2 Nxc3 12. Bxc3 Bxc3 13. Qxc3 Qg5 14. Nxe4 Qxg2 15. Ng3 Qd5 16. a4 c6 17. e4 Qe6 18. O-O O-O 19. Rac1 cxb5 20. axb5 Nd7 21. Qxc4 Qh3 22. Qd5 Nf6 23. Qf5 Qh4 24. e5 Ng4 25. Qh5 Qxh5 26. Nxh5 g6 27. Nf4 Rfd8 28. Rfd1 Nh6 29. d5 Re8 30. e6 g5 31. exf7+ Nxf7 32. Ne6 Nd6 33. Rc7 Rac8 34. Rdc1 Rxc7 35. Rxc7 Nxb5 36. Rxb7 Nc3 37. Rg7+ Kh8 38. Rxg5 Nxd5 39. Rxd5 Rxe6 40. Rd8+ Kg7 41. Rd7+ Kg6 42. Rxa7 Re1+ 43. Kg2 Rb1 44. Ra3 Rb4 45. Rg3+ Kf6 46. h3 Rb2 47. Rg4 h5 48. Rc4 Kg5 49. Kg3 h4+ 50. Kg2 Rb3 51. Rg4+ Kh5 52. f4 Rb2+ 53. Kg1 Rb3 54. Kh2 Rb2+ 55. Rg2 Rb3 56. Rf2 Kg6 57. f5+ Kf6 58. Rf4 Rb2+ 59. Kg1 Kg5 60. Rf1 Rb6 61. Kg2 Rf6 62. Rf2 Rxf5 63. Rxf5+ Kxf5 64. Kf3 Kg5 1/2-1/2


[Site "https://www.chess.com"]

[Event "Titled Tuesday Blitz August 17 2021"]
[White "Fier, Alexandr"]
[Black "Le, Tuan Minh"]
[WhiteFideId "2107139"]
[BlackFideId "12401153"]
[WhiteElo "2569"]
[BlackElo "2450"]
[Result "1-0"]
[Round "07"]
[TimeControl "180+1"]
[Date "2021.08.17"]
[WhiteClock "0:01:35"]
[BlackClock "0:00:03"]

1. d4 d5 2. c4 c6 3. Nf3 Nf6 4. Nc3 a6 5. e3 Bf5 6. cxd5 cxd5 7. Qb3 Nc6 8. Ne5 Na5 9. Qd1 Bd7 10. Bd3 e6 11. O-O Bd6 12. f4 O-O 13. Qf3 Ne8 14. Qh3 f5 15. g4 Nc7 16. Kh1 Nc6 17. Rg1 Ne7 18. Bd2 Bb5 19. Nxb5 axb5 20. Rg3 Bxe5 21. fxe5 Ne8 22. Bb4 g6 23. Qh6 Rf7 24. a3 fxg4 25. Bxe7 Qxe7 26. Rxg4 Qf8 27. Qh3 Ng7 28. Bxg6 hxg6 29. Rxg6 Rf2 30. Rag1 Rc8 31. Qxe6+ Qf7 32. Rxg7+ 1-0


[Site "https://www.chess.com"]

[Event "Titled Tuesday Blitz August 17 2021"]
[White "Firat, Burak"]
[Black "Indjic, Aleksandar"]
[WhiteFideId "6305881"]
[BlackFideId "911925"]
[WhiteElo "2531"]
[BlackElo "2643"]
[Result "0-1"]
[Round "07"]
[TimeControl "180+1"]
[Date "2021.08.17"]
[WhiteClock "0:00:03"]
[BlackClock "0:00:03"]

1. d4 Nf6 2. Bg5 g6 3. Bxf6 exf6 4. h4 h5 5. e3 f5 6. Ne2 d6 7. Nf4 Nd7 8. c4 Nf6 9. Nc3 c6 10. Bd3 Bh6 11. g3 O-O 12. Qc2 Bd7 13. O-O-O Rc8 14. Kb1 b5 15. c5 dxc5 16. dxc5 Qe7 17. Nce2 Bg7 18. Nd4 a5 19. Rhe1 Rfe8 20. Qc3 a4 21. f3 Rb8 22. Qb4 Qe5 23. a3 Bf8 24. Rc1 Rbd8 25. Ka1 Qc7 26. Bb1 Bc8 27. Ba2 Kh7 28. Nh3 Nd5 29. Bxd5 Rxd5 30. Ng5+ Kg7 31. e4 fxe4 32. fxe4 Rd7 33. Qc3 Kg8 34. e5 Bg7 35. Ne4 Rxe5 36. Nd6 Rde7 37. Rf1 Bg4 38. Qb4 Qd7 39. N4xb5 cxb5 40. c6 Qc7 41. Nxb5 Rxb5 42. Qxb5 Re2 43. Rb1 Bf5 44. Qb7 Qd6 45. Rf3 Bxb2+ 46. Rxb2 Qd1+ 47. Ka2 Be6+ 0-1


[Site "https://www.chess.com"]

[Event "Titled Tuesday Blitz August 17 2021"]
[White "Garcia Garcia, Alejandro"]
[Black "Wagh Suyog"]
[WhiteFideId "3516334"]
[BlackFideId "25071688"]
[WhiteElo "2131"]
[BlackElo "2219"]
[Result "0-1"]
[Round "07"]
[TimeControl "180+1"]
[Date "2021.08.17"]
[WhiteClock "0:00:04"]
[BlackClock "0:00:35"]

1. Nf3 g6 2. g3 Bg7 3. Bg2 d6 4. O-O Nc6 5. c4 Bd7 6. Nc3 Qc8 7. Nd5 Nf6 8. Rb1 h5 9. d4 h4 10. Nxh4 Nxd5 11. cxd5 Nxd4 12. Nf3 c5 13. e3 Nxf3+ 14. Qxf3 Be5 15. e4 Bg4 16. Qd3 Bh3 17. Qf3 Bg4 18. Qd3 c4 19. Qe3 b5 20. f4 Bg7 21. e5 Kf8 22. Bd2 Bh3 23. Qf3 Bf5 24. Rbe1 Qc5+ 25. Be3 Qb4 26. Bd4 Rd8 27. a3 Qa5 28. Rd1 Qc7 29. g4 Bd3 30. Rf2 Kg8 31. exd6 Qxd6 32. Be5 Qc5 33. Rc1 Qb6 34. Bxg7 Kxg7 35. f5 gxf5 36. gxf5 Rh6 37. Re1 Qf6 38. Qf4 Kh8 39. Re3 Rg8 40. Kh1 Rh7 41. Rg3 Qxb2 42. Rxb2 Rf8 43. Rf2 f6 44. Qe3 Rd8 45. Qe6 a5 46. Rh3 Rxh3 47. Bxh3 c3 48. Rf4 Bc4 49. Rh4+ Kg7 50. Rg4+ Kh6 51. Qf7 Bxd5+ 52. Kg1 Bxf7 53. Rh4+ Kg7 54. Rg4+ Kf8 55. Rg2 b4 56. axb4 axb4 0-1


[Site "https://www.chess.com"]

[Event "Titled Tuesday Blitz August 17 2021"]
[White "Garriga Cazorla, Pere"]
[Black "Holt, Conrad"]
[WhiteFideId "32011601"]
[BlackFideId "2034387"]
[WhiteElo "2430"]
[BlackElo "2586"]
[Result "0-1"]
[Round "07"]
[TimeControl "180+1"]
[Date "2021.08.17"]
[WhiteClock "0:00:05"]
[BlackClock "0:00:10"]

1. d4 d5 2. c4 c6 3. Nf3 Nf6 4. Nc3 dxc4 5. a4 Bf5 6. e3 e6 7. Bxc4 Bb4 8. O-O O-O 9. Nh4 Bg4 10. f3 Bh5 11. g4 Nd5 12. Ng2 Bg6 13. Na2 Be7 14. e4 Nb6 15. Bb3 c5 16. a5 Nc8 17. d5 Qxa5 18. Be3 Nb6 19. h4 c4 20. Bc2 h6 21. d6 Bf6 22. Nc3 Qb4 23. Na4 Nc6 24. g5 hxg5 25. hxg5 Be5 26. Bc5 Qb5 27. Ba3 Nxa4 28. Bxa4 Qb6+ 29. Kh1 Rfd8 30. f4 Bxd6 31. Bxd6 Bxe4 32. g6 Qxb2 33. gxf7+ Kxf7 34. Qh5+ Kg8 35. Rg1 Rxd6 36. Rae1 Qd4 37. Kh2 Rd5 38. Qh4 Rf5 39. Re2 Rf6 40. Ne3 Bd3 41. Rxg7+ Kxg7 42. Rg2+ Rg6 43. Bxc6 bxc6 44. Qe7+ Kh8 45. Qh4+ Kg8 46. Rxg6+ Bxg6 47. Qg5 Qh8+ 48. Kg1 Qg7 49. Ng4 Bf5 0-1


[Site "https://www.chess.com"]

[Event "Titled Tuesday Blitz August 17 2021"]
[White "Giroyan, Gary"]
[Black "Moroni, Luca Jr"]
[WhiteFideId "680281"]
[BlackFideId "865834"]
[WhiteElo "2420"]
[BlackElo "2491"]
[Result "0-1"]
[Round "07"]
[TimeControl "180+1"]
[Date "2021.08.17"]
[WhiteClock "0:00:02"]
[BlackClock "0:00:02"]

1. d4 g6 2. e4 Bg7 3. Nc3 d6 4. f4 Nf6 5. Nf3 O-O 6. Bd3 Nc6 7. O-O e5 8. fxe5 dxe5 9. d5 Ne7 10. Nxe5 Nxe4 11. Nxe4 Bxe5 12. Bh6 Nxd5 13. Bxf8 Qxf8 14. Qf3 Bxb2 15. Bc4 Be6 16. Rab1 Bd4+ 17. Kh1 Rd8 18. Ng5 Qe7 19. Nxe6 fxe6 20. Rbe1 c6 21. Qg4 Bg7 22. Rxe6 Qd7 23. Rfe1 Kh8 24. h3 b5 25. Bb3 a5 26. c4 bxc4 27. Bxc4 Qf7 28. Rxc6 Rf8 0-1


[Site "https://www.chess.com"]

[Event "Titled Tuesday Blitz August 17 2021"]
[White "Goryachkina, Aleksandra"]
[Black "Chen, Max"]
[WhiteFideId "4147103"]
[BlackFideId "2622440"]
[WhiteElo "2441"]
[BlackElo "2453"]
[Result "1-0"]
[Round "07"]
[TimeControl "180+1"]
[Date "2021.08.17"]
[WhiteClock "0:00:09"]
[BlackClock "0:00:01"]

1. e4 c5 2. Nf3 d6 3. d4 cxd4 4. Nxd4 Nf6 5. Nc3 a6 6. f3 e5 7. Nb3 Be6 8. Be3 Nbd7 9. Qd2 Be7 10. g4 O-O 11. O-O-O b5 12. Kb1 b4 13. Na4 a5 14. h4 Qc7 15. h5 Nc5 16. Nbxc5 dxc5 17. g5 Rfd8 18. Qc1 Ne8 19. g6 Rxd1 20. Qxd1 Rd8 21. Qc1 Qc6 22. b3 c4 23. gxf7+ Bxf7 24. Nb6 c3 25. Nd5 Bf8 26. Bc4 a4 27. h6 g6 28. f4 exf4 29. Bd4 axb3 30. cxb3 Ra8 31. Qxf4 Qd6 32. Qxd6 Bxd6 33. Rf1 Rc8 34. e5 Bf8 35. e6 Bxe6 36. Nf6+ 1-0


[Site "https://www.chess.com"]

[Event "Titled Tuesday Blitz August 17 2021"]
[White "Gracia Alvarez, Gerardo Antonio"]
[Black "Dobrowolski, Piotr"]
[WhiteFideId "5109124"]
[BlackFideId "1106236"]
[WhiteElo "2148"]
[BlackElo "2296"]
[Result "0-1"]
[Round "07"]
[TimeControl "180+1"]
[Date "2021.08.18"]
[WhiteClock "0:00:04"]
[BlackClock "0:00:06"]

1. e4 c5 2. Nf3 Nc6 3. d4 cxd4 4. Nxd4 Nf6 5. Nc3 e6 6. a3 Qc7 7. Be2 a6 8. O-O Nxd4 9. Qxd4 Bc5 10. Qd3 b5 11. Bf3 Rb8 12. Bg5 d6 13. b4 Bb6 14. Rad1 Nd7 15. Qxd6 Qxd6 16. Rxd6 Bc7 17. Rd2 Ne5 18. Be2 f6 19. Be3 Bb6 20. Rfd1 O-O 21. Bxb6 Rxb6 22. Rd6 Rxd6 23. Rxd6 g5 24. a4 bxa4 25. Nxa4 Kf7 26. Nc5 Ke7 27. Rd1 g4 28. Nxa6 Bb7 29. Nc5 Ba8 30. f4 gxf3 31. gxf3 Rb8 32. c3 f5 33. f4 Rg8+ 34. Kf2 Ng4+ 35. Bxg4 Rxg4 36. Rd7+ Ke8 37. Rxh7 Bxe4 38. Nxe4 Rxf4+ 39. Ke3 Rxe4+ 40. Kd3 Re1 41. b5 Rb1 42. c4 Kd8 43. h4 f4 44. Ke4 Rb4 45. Kd4 e5+ 46. Kxe5 Rxc4 47. b6 Kc8 48. Rf7 Rb4 0-1


[Site "https://www.chess.com"]

[Event "Titled Tuesday Blitz August 17 2021"]
[White "Gubanov, Oleg"]
[Black "Wagner, Dinara"]
[WhiteFideId "14115115"]
[BlackFideId "24157570"]
[WhiteElo "2138"]
[BlackElo "2260"]
[Result "0-1"]
[Round "07"]
[TimeControl "180+1"]
[Date "2021.08.18"]
[WhiteClock "0:00:25"]
[BlackClock "0:00:23"]

1. e4 c5 2. Nf3 d6 3. c3 Nf6 4. Bc4 e6 5. Qe2 Nc6 6. O-O Be7 7. d4 cxd4 8. cxd4 d5 9. exd5 exd5 10. Bb5 O-O 11. Nc3 Bg4 12. Be3 Bd6 13. h3 Bh5 14. a3 Bc7 15. Rfe1 Qd6 16. Rad1 Rfe8 17. Bd3 a6 18. Kf1 Nxd4 19. Bxh7+ Nxh7 20. Rxd4 Nf6 21. g4 Bg6 22. Qd1 Qc6 23. Nh4 Bh7 24. Nxd5 Nxd5 25. Rxd5 Rad8 26. Rxd8 Rxd8 27. Qc1 Qh1+ 28. Ke2 Bd3+ 29. Kd2 Ba5+ 30. b4 Bf1+ 31. Kc3 Rc8+ 32. Kb2 Rxc1 33. Rxc1 Bd8 34. Rc8 Qd5 35. Nf5 Kh7 36. Rc5 Bf6+ 37. Kc1 Qa2 38. Rc2 Qxa3+ 39. Kd2 Qxb4+ 40. Kc1 Qa3+ 41. Kd2 Qd3+ 42. Kc1 g6 43. Ng3 Bg2 44. Ne2 Be4 45. Rc7 Qxe2 46. Rxf7+ Kg8 47. Rc7 Bb2# 0-1


[Site "https://www.chess.com"]

[Event "Titled Tuesday Blitz August 17 2021"]
[White "Gunina, Valentina"]
[Black "Bobkov, Vadim"]
[WhiteFideId "4167570"]
[BlackFideId "34110876"]
[WhiteElo "2399"]
[BlackElo "2117"]
[Result "0-1"]
[Round "07"]
[TimeControl "180+1"]
[Date "2021.08.17"]
[WhiteClock "0:00:05"]
[BlackClock "0:00:03"]

1. d4 d5 2. c4 e6 3. Nf3 Nf6 4. Nc3 c6 5. Bg5 dxc4 6. e4 b5 7. e5 h6 8. Bh4 g5 9. Nxg5 Nd5 10. Nf3 Qa5 11. Rc1 Bb4 12. Be2 Nxc3 13. bxc3 Bxc3+ 14. Kf1 Bb7 15. Bf6 Rf8 16. Qc2 Bb4 17. Bg7 Nd7 18. Bxf8 Bxf8 19. h4 O-O-O 20. Kg1 c5 21. Kh2 cxd4 22. Nxd4 Nxe5 23. Rhd1 Bd6 24. Kg1 Bc7 25. Qb2 a6 26. a4 b4 27. Bxc4 Nxc4 28. Rxc4 Qd5 29. Rxc7+ Kxc7 30. f3 e5 31. Rc1+ Kb8 32. Nf5 a5 33. Nxh6 e4 34. fxe4 Qxe4 35. Qf2 b3 36. Nxf7 Rf8 37. Rf1 Rxf7 38. Qg3+ Rc7 39. Rf8+ Ka7 40. Qf2+ Ka6 41. Rf6+ Rc6 42. Rf4 Qb1+ 43. Kh2 Qc2 44. Qf1+ Ka7 45. Rf5 Rc5 46. Rf2 Qc4 47. Rf4 Qxf1 48. Rxf1 Be4 49. Rf2 Rc2 50. Rf7+ Kb8 51. Rf6 b2 52. Rb6+ Ka7 53. Rb5 Rxg2+ 54. Kh3 Rd2 55. Rxa5+ Kb6 56. Rb5+ Ka6 0-1


[Site "https://www.chess.com"]

[Event "Titled Tuesday Blitz August 17 2021"]
[White "Gupta, Abhijeet"]
[Black "Nogerbek, Kazybek"]
[WhiteFideId "5010608"]
[BlackFideId "13710427"]
[WhiteElo "2549"]
[BlackElo "2436"]
[Result "0-1"]
[Round "07"]
[TimeControl "180+1"]
[Date "2021.08.17"]
[WhiteClock "0:00:03"]
[BlackClock "0:00:07"]

1. d4 Nf6 2. c4 e6 3. Nf3 d5 4. g3 Be7 5. Bg2 O-O 6. O-O a5 7. Nbd2 c6 8. Qc2 b5 9. c5 b4 10. a3 Ba6 11. Re1 Nbd7 12. e4 dxe4 13. Nxe4 Nxe4 14. Qxe4 Bb5 15. a4 Nf6 16. Qc2 Ba6 17. Ne5 Qxd4 18. Nxc6 Qxc5 19. Qxc5 Bxc5 20. Be3 Bxe3 21. Rxe3 Nd5 22. Bxd5 exd5 23. Rd1 Bb7 24. Ne7+ Kh8 25. Nxd5 Rfd8 26. Red3 g6 27. f4 Rac8 28. Ne3 Rxd3 29. Rxd3 Rc1+ 30. Kf2 Rb1 31. Nc4 Ba6 32. Rd8+ Kg7 33. Nxa5 Rxb2+ 34. Ke3 Ra2 35. Rb8 Rxa4 36. Nc6 Ra3+ 37. Kd4 b3 38. Ne5 f6 39. Nc6 Ra4+ 40. Ke3 Bc4 41. Nd4 Ra2 42. h4 b2 43. g4 Ra3+ 44. Kf2 Bb3 45. Rb7+ Kf8 46. Rb8+ Kf7 47. Rb7+ Ke8 48. Rb8+ Kd7 49. Nxb3 Kc7 50. Rb4 b1=Q 51. Rc4+ Kd8 52. Nd2 Qd3 0-1


[Site "https://www.chess.com"]

[Event "Titled Tuesday Blitz August 17 2021"]
[White "Gurvich, Vitaly"]
[Black "Balabayeva, Xeniya"]
[WhiteFideId "24164852"]
[BlackFideId "13719688"]
[WhiteElo "2252"]
[BlackElo "1988"]
[Result "1-0"]
[Round "07"]
[TimeControl "180+1"]
[Date "2021.08.18"]
[WhiteClock "0:01:49"]
[BlackClock "0:00:01"]

1. g4 d5 2. Bg2 c5 3. h3 Nc6 4. d3 h6 5. Nc3 Nf6 6. e4 d4 7. Nce2 e5 8. f4 Bd6 9. Nf3 Qc7 10. f5 Bd7 11. a4 O-O-O 12. b3 g5 13. Ng3 Rdg8 14. Bd2 Be7 15. Qe2 h5 16. Bxg5 hxg4 17. hxg4 Rxh1+ 18. Bxh1 Nxg4 19. Bxe7 Nxe7 20. O-O-O Ne3 21. Nh5 Qd6 22. Rd2 f6 23. Qh2 Be8 24. Ng3 Qa6 25. Bg2 Kd8 26. Nf1 Qa5 27. Nxe3 dxe3 28. Re2 Qc3 29. Rxe3 Nc6 30. Qh6 Nb4 31. Qxf6+ Kc7 32. Re2 Na2+ 33. Kb1 Nb4 34. Nxe5 1-0


[Site "https://www.chess.com"]

[Event "Titled Tuesday Blitz August 17 2021"]
[White "Hamley, Ryan"]
[Black "Chernobay, Artem"]
[WhiteFideId "30959497"]
[BlackFideId "4167406"]
[WhiteElo "2405"]
[BlackElo "2480"]
[Result "1-0"]
[Round "07"]
[TimeControl "180+1"]
[Date "2021.08.18"]
[WhiteClock "0:00:10"]
[BlackClock "0:00:02"]

1. e4 c5 2. Nf3 d6 3. d4 cxd4 4. Nxd4 Nf6 5. Nc3 a6 6. h3 e5 7. Nde2 h5 8. Bg5 Be6 9. g3 Nbd7 10. Bg2 Be7 11. O-O O-O 12. Qd2 Rc8 13. f4 b5 14. b3 Nc5 15. f5 Bd7 16. Bxf6 Bxf6 17. Qxd6 Rc6 18. Qd1 Bg5 19. Nd5 f6 20. Kh1 Be8 21. Ng1 Bf7 22. Qe2 Rd6 23. c4 bxc4 24. bxc4 Qa5 25. Nf3 Bh6 26. Rad1 Rfd8 27. Nh4 Qa3 28. Kh2 Na4 29. Rf3 Qb2 30. Re1 Kf8 31. Rb3 Qd4 32. Ng6+ Kg8 33. Rd1 Qc5 34. Qxh5 Qxc4 35. Rbd3 Kh7 36. Nxf6+ Rxf6 37. Rxd8 Bxg6 38. fxg6+ Rxg6 39. Rh8+ Kxh8 40. Qxg6 Qc8 41. Rd5 Qc7 42. Qf5 Nc5 43. Rxe5 1-0


[Site "https://www.chess.com"]